 Dungeon Crawl Stone Soup version 0.27.1-33-g824d729ab1 (webtiles) character file.

Game seed: 7048046742918113065

126 bearlyready the Grave Robber (level 4, -5/30 HPs)
             Began as a Demonspawn Necromancer on Nov 25, 2021.
             Slain by a wight (9 damage)
             ... on level 4 of the Dungeon.
             The game lasted 00:05:14 (2624 turns).

bearlyready the Grave Robber (DsNe)                 Turns: 2624, Time: 00:05:15

Health: -5/30      AC:  5    Str:  8    XL:     4   Next: 84%
Magic:  6/7        EV: 10    Int: 18    God:
Gold:   40         SH:  0    Dex: 13    Spells: 2/7 levels left

rFire    . . .     SeeInvis .   c - +0 dagger
rCold    . . .     Faith    .   (no shield)
rNeg     . . .     Spirit   .   f - +0 ring mail
rPois    .         Reflect  .   (no helmet)
rElec    .         Harm     .   (no cloak)
rCorr    .         Rampage  .   (no gloves)
Will     .....                  (no boots)
Stlth    +.........             (no amulet)
HPRegen  0.10/turn              (no ring)
MPRegen  0.20/turn              (no ring)

@: no status effects
A: magic regeneration, demonic magic 2
a: no special abilities


You were on level 4 of the Dungeon.
You visited 1 branch of the dungeon, and saw 4 of its levels.

You collected 40 gold pieces.

Inventory:

Hand Weapons
 c - a +0 dagger (weapon)
Armour
 a - a +0 robe
 f - a +0 ring mail (worn)
Scrolls
 d - a scroll of fog


   Skills:
 - Level 1.7 Dodging
 - Level 1.7 Stealth
 - Level 2.0 Spellcasting
 + Level 6.9 Necromancy


You had 2 spell levels left.
You knew the following spells:

 Your Spells              Type           Power      Damage    Failure   Level
a - Pain                  Necr           100%       1d9       3%          1
b - Animate Skeleton      Necr           52%        N/A       3%          1
c - Vampiric Draining     Necr           13%        2d7       10%         3

Your spell library contained the following spells:

 Spells                   Type           Power      Damage    Failure   Level
 Animate Dead             Necr           13%        N/A       32%         4
 Agony                    Necr           26%        N/A       67%         5


Dungeon Overview and Level Annotations

Branches:
Dungeon (4/15)
 Temple: D:4-7

Altars:


Innate Abilities, Weirdness & Mutations

You regenerate magic rapidly.
Spells you cast may paralyse nearby enemies.


Message History

You hit the bullfrog skeleton.
The bullfrog skeleton is lightly damaged.
The bullfrog skeleton hits you.
* * * LOW HITPOINT WARNING * * *
You hit the bullfrog skeleton.
The bullfrog skeleton is lightly damaged.
The bullfrog skeleton misses you.
You hit the bullfrog skeleton.
The bullfrog skeleton is lightly damaged.
The bullfrog skeleton hits you.
* * * LOW HITPOINT WARNING * * *
You barely miss the bullfrog skeleton.
The bullfrog skeleton is lightly damaged.
The bullfrog skeleton barely misses you.
The bullfrog skeleton hits you but does no damage.
As you read the scroll labelled TICRA SAGEOLEY, it crumbles to dust.
The scroll dissolves into smoke.
It was a scroll of fog.
The bullfrog skeleton hits you.
* * * LOW HITPOINT WARNING * * *
The bullfrog skeleton completely misses you.
You climb downwards.
The wight throws a stone.
The stone hits you.
* * * LOW HITPOINT WARNING * * *
There is a stone staircase leading up here.
You aren't carrying any items that you can evoke.
Unknown command.
Okay, then.
You aren't carrying any potions.
Casting: Animate Skeleton (safe; 3% risk of failure)
Confirm with . or Enter, or press ? or * to list all spells.
You attempt to give life to the dead...
The dead are walking!
Malevolent energies surge around you.
The wight suddenly stops moving!
You swap places.
The helpless wight fails to defend itself.
You hit the wight.
The wight is lightly damaged.
The helpless wight fails to defend itself.
You hit the wight.
The wight is moderately damaged.
The wight is no longer paralysed.
The wight hits you with a +1 scimitar!
You die...

#### ##### ####..#
#Z#.# .....#
#@#.########
####..#####z#.........
#.....z....)........##
##...)#####.#.#.......
#.....# #.......#.#
#.#####z...# #...)...#
...........# #.......#
#.#####....####.......#
#.......#.#.#'###


You could see a wight (ally target) and a friendly orc skeleton.

Vanquished Creatures
  A jelly (D:4)
  A centaur skeleton (D:4)
  An orc wizard (D:4)
  An adder skeleton (D:4)
  A dart slug (D:1)
  4 orcs
  6 ball pythons
  A bat (D:1)
  2 endoplasms (D:1)
  A giant cockroach (D:1)
  4 goblins
  5 hobgoblins
  3 kobolds (D:1)
  A frilled lizard (D:1)
  5 rats
37 creatures vanquished.

Vanquished Creatures (collateral kills)
  A kobold (D:1)
1 creature vanquished.

Grand Total: 38 creatures vanquished

Notes
Turn   | Place    | Note
-------+----------+-------------------------------------------
     0 | D:1      | bearlyready the Demonspawn Necromancer began the quest for
                  | the Orb.
     0 | D:1      | Reached XP level 1. HP: 13/13 MP: 3/3
   297 | D:1      | Found a faded altar of an unknown god.
   321 | D:1      | Gained mutation: Spells you cast may paralyse adjacent
                  | enemies. [demonic ancestry]
   321 | D:1      | Reached XP level 2. HP: 12/19 MP: 0/5
   658 | D:1      | Reached skill level 5 in Necromancy
   660 | D:1      | Learned a level 1 spell: Animate Skeleton
  1671 | D:1      | Gained mutation: You regenerate magic rapidly. [demonic
                  | ancestry]
  1671 | D:1      | Reached XP level 3. HP: 22/24 MP: 2/6
  1793 | D:2      | You fall into a shaft and drop 1 floor!
  1990 | D:2      | Noticed an ogre
  2180 | D:4      | Reached skill level 6 in Necromancy
  2336 | D:4      | Gained mutation: Spells you cast may paralyse nearby
                  | enemies. [demonic ancestry]
  2336 | D:4      | Reached XP level 4. HP: 13/30 MP: 7/7
  2546 | D:4      | Learned a level 3 spell: Vampiric Draining
  2624 | D:4      | Slain by a wight

Illustrated notes

Levels and vault maps discovered:
D:1:      dpeg_arrival_ternary, layout_basic, dreamdust_ecumenical_altar_statues
D:2:      layout_loops_cross, st_stairs_10, chequers_serial_rivers_small_a
D:3:      layout_basic, kennysheep_jessica_study, uniq_crazy_yiuf_cottage
D:4:      layout_basic

Skill      XL: |  1  2  3 |
---------------+----------+-----
Necromancy     | 5 6 |  6.9
Dodging        | |  1.7
Stealth        | |  1.7
Spellcasting   | |  2.0

Action                   |  1- 3 |  4- 6 || total
-------------------------+-------+-------++-------
Melee: Unarmed           |     9 |       ||     9
       Dagger            |    97 |    25 ||   122
 Cast: Pain              |    36 |     3 ||    39
       Animate Skeleton  |     3 |     2 ||     5
  Use: Scroll            |     2 |     1 ||     3
       Potion            |     1 |       ||     1
 Stab: Distracted        |     2 |       ||     2
       Paralysed         |     6 |     3 ||     9
       Sleeping          |     3 |       ||     3
Armor: Robe              |     4 |       ||     4
       Ring mail         |    28 |    16 ||    44
Dodge: Dodged            |    51 |    17 ||    68
